 Dungeon Crawl Stone Soup version 0.18.1-48-g4cf74bf (webtiles) character file.

2930 juanjsm the Covert (level 9, -7/40 HPs)
             Began as a Spriggan Enchanter on July 1, 2016.
             Was a Follower of Okawaru.
             Mangled by Gastronok (34 damage)
             ... on level 8 of the Dungeon.
             The game lasted 00:35:33 (7660 turns).

juanjsm the Covert (Spriggan Enchanter)             Turns: 7660, Time: 00:35:34

Health: -7/40      AC:  5    Str:  4    XL:     9   Next: 50%
Magic:  10/22      EV: 23    Int: 16    God:    Okawaru [*.....]
Gold:   705        SH:  0    Dex: 20    Spells: 4 memorised, 16 levels left

rFire  + . .     SeeInvis +     x - +5 dagger (venom)
rCold  . . .     Gourm    .     U - +1 robe {rN+}
rNeg   + . .     Faith    .     (shield restricted)
rPois  +         Spirit   .     (helmet restricted)
rElec  .         Dismiss  .     m - +1 cloak
rCorr  .         Reflect  .     (gloves unavailable)
SustAt .         Harm     .     (boots unavailable)
MR     +....                    (no amulet)
Stlth  +++++.....               l - ring of poison resistance
                                k - ring of protection from fire

@: very quick, somewhat resistant to hostile enchantments, quite stealthy
A: unfitting armour, see invisible, herbivore 3, speed 3, slow metabolism 2
a: Heroism, Renounce Religion


You were on level 8 of the Dungeon.
You worshipped Okawaru.
Okawaru was aware of your devotion.
You were not hungry.

You visited 2 branches of the dungeon, and saw 9 of its levels.
You also visited: Ossuary.

You collected 705 gold pieces.

Inventory:

Hand Weapons
 a - a +1 dagger
 t - a +0 whip of venom
 u - a +0 blowgun
 x - a +5 dagger of venom (weapon)
 T - a +3 dagger of distortion
Missiles
 v - 21 poisoned needles
 G - 8 needles of confusion
Armour
 b - a +1 robe
 m - a +1 cloak (worn)
 y - a +1 animal skin
 A - a +2 buckler
 U - a +1 robe of positive energy (worn)
Jewellery
 k - a ring of protection from fire (left hand)
 l - a ring of poison resistance (right hand)
 z - an uncursed ring of fire
 E - an uncursed ring of stealth
Wands
 r - a wand of acid (3/15)
 Q - a wand of random effects (32/48)
Scrolls
 f - 3 scrolls of enchant armour
 i - a scroll of blinking {unknown}
 j - 4 scrolls of teleportation
 n - 3 scrolls of fear
 p - 2 scrolls of noise
 q - 3 scrolls of identify {unknown}
 C - 3 scrolls of enchant weapon {unknown}
 H - 3 scrolls of amnesia {unknown}
 K - a scroll of random uselessness {unknown}
 O - a scroll of magic mapping {unknown}
 P - a scroll of acquirement {unknown}
 S - a scroll of remove curse {unknown}
Potions
 e - 11 potions of curing {unknown}
 g - a potion of invisibility {unknown}
 h - a potion of lignification {unknown}
 o - 2 potions of magic {unknown}
 s - 3 potions of might {unknown}
 w - a potion of resistance {unknown}
 B - 4 potions of heal wounds {unknown}
 D - a potion of cure mutation {unknown}
 F - a potion of degeneration {unknown}
 I - a potion of ambrosia {unknown}
 J - a potion of beneficial mutation {unknown}
 L - 2 potions of agility
 M - a potion of berserk rage {unknown}
 N - a potion of mutation {unknown}
Books
 c - a book of Maledictions

   Spells                             Type                      Level
   a - Corona                         Hexes                        1
   b - Ensorcelled Hibernation        Hexes/Ice                    2
   c - Confuse                        Hexes                        3
   d - Tukima's Dance                 Hexes                        3
   e - Dazzling Spray                 Conjuration/Hexes            3
 R - a book of Changes

   Spells                             Type                      Level
   a - Beastly Appendage              Transmutation                1
   b - Sticks to Snakes               Transmutation                2
   c - Spider Form                    Transmutation/Poison         3
   d - Ice Form                       Ice/Transmutation            4
   e - Blade Hands                    Transmutation                5
Comestibles
 d - a bread ration


   Skills:
 - Level 0.4 Fighting
 + Level 5.5 Short Blades
 + Level 6.8 Dodging
 + Level 10.2 Stealth
 + Level 2.7 Shields
 * Level 8.7 Spellcasting
 + Level 6.7 Hexes
 - Level 1.9 Ice Magic


You had 16 spell levels left.
You knew the following spells:

 Your Spells              Type           Power        Failure   Level  Hunger
a - Corona                Hex            ####...      1%          1    None
b - Ensorcelled Hibernat  Hex/Ice        ###...       2%          2    None
c - Confuse               Hex            ####....     1%          3    #......
d - Dazzling Spray        Conj/Hex       ###...       10%         3    #......


Dungeon Overview and Level Annotations

Branches:
Dungeon (8/15)             Temple (1/1) D:7
   Lair: D:8-11

Altars:
Ashenzari
Cheibriados
Dithmenos
Elyvilon
Fedhas
Gozag
Kikubaaqudgha
Makhleb
Nemelex Xobeh
Okawaru
Pakellas
Qazlal
Ru
Sif Muna
Trog
Vehumet
Xom
Yredelemnul
Zin
The Shining One

Annotations:
D:8 Gastronok


Innate Abilities, Weirdness & Mutations

You are tiny and cannot use many weapons and most armour.
You have supernaturally acute eyesight.
You are a herbivore.
You cover ground extremely quickly.
You need consume almost no food.


Message History

The spray of energy hits Gastronok.
Gastronok is moderately wounded.
Gastronok bites you!
Casting: Dazzling Spray
Confirm with . or Enter, or press ? or * to list all spells.
Aiming: Dazzling Spray
Press: ? - help, Shift-Dir - straight line, f/p - Gastronok
Aim: Gastronok, wearing a runed hat (moderately wounded, covering ground quickly)
The spray of energy hits Gastronok.
Gastronok is moderately wounded.
Casting: Dazzling Spray
Confirm with . or Enter, or press ? or * to list all spells.
Aiming: Dazzling Spray
Press: ? - help, Shift-Dir - straight line, f/p - Gastronok
Aim: Gastronok, wearing a runed hat (moderately wounded, covering ground quickly)
The spray of energy hits Gastronok.
Gastronok is moderately wounded.
Gastronok bites you!!
Ouch! That really hurt!
You die...

##### ### ####
#...# .... .....
#...##....
.....##.........
................
O...............
..$.....@w......
................
.#..............
#..............
#..............
.......#...#####
##.#####...# #.
.....


You could see Gastronok.

Vanquished Creatures
  Psyche (D:8)
  A steam dragon (D:7)
  A hippogriff (D:7)
  Duvessa (D:7)
  A sky beast (D:4)
  2 phantoms
  A black bear (D:6)
  8 centaurs
  3 giant frogs
  Dowan (D:7)
  3 scorpions
  2 crimson imps (D:5)
  2 giant frog zombies
  A hound (D:7)
  An orc priest (D:3)
  Crazy Yiuf (D:2)
  A giant frog skeleton (D:5)
  Jessica (D:2)
  3 iguanas
  6 orc wizards
  3 worker ants
  8 mummies (Ossuary)
  Robin (D:3)
  6 adders
  A shadow imp (D:7)
  An ooze (D:3)
  An adder zombie (D:5)
  2 worms
  A dart slug (D:4)
  3 giant geckos
  14 orcs
  A ball python (D:3)
  10 bats
  A giant cockroach (D:1)
  17 goblins
  12 hobgoblins
  2 jackals (D:5)
  A quokka (D:5)
  12 giant newts
  4 hobgoblin zombies (Ossuary)
  9 kobolds
  2 kobold zombies (Ossuary)
  2 orc zombies (Ossuary)
  A quokka zombie (D:6)
  6 rats
162 creatures vanquished.

Notes
Turn   | Place    | Note
--------------------------------------------------------------
     0 | D:1      | juanjsm the Spriggan Enchanter began the quest for the Orb.
     0 | D:1      | Reached XP level 1. HP: 9/9 MP: 5/5
   246 | D:3      | Reached XP level 2. HP: 12/13 MP: 6/6
   256 | D:2      | Learned a level 2 spell: Ensorcelled Hibernation
   361 | D:1      | Reached skill level 5 in Stealth
   905 | D:1      | Reached XP level 3. HP: 16/16 MP: 8/8
   942 | D:1      | Learned a level 3 spell: Confuse
  1318 | D:2      | Noticed Crazy Yiuf
  1346 | D:2      | Killed Crazy Yiuf
  1346 | D:2      | Reached XP level 4. HP: 21/21 MP: 9/9
  1453 | D:2      | Found a stormy altar of Qazlal.
  1485 | D:2      | Noticed Jessica
  1525 | D:2      | Killed Jessica
  1525 | D:2      | Reached skill level 1 in Ice Magic
  1526 | D:2      | Reached skill level 6 in Stealth
  1728 | D:3      | Reached XP level 5. HP: 17/24 MP: 0/11
  1946 | D:3      | Noticed Robin
  1965 | D:3      | Killed Robin
  2418 | D:3      | Reached XP level 6. HP: 16/29 MP: 6/12
  2510 | D:3      | Reached skill level 7 in Stealth
  2649 | D:3      | Found a sparkling altar of Nemelex Xobeh.
  2717 | D:4      | Found a shattered altar of Ashenzari.
  2769 | D:5      | Entered Level 5 of the Dungeon
  3013 | D:4      | Noticed a sky beast
  3028 | D:4      | Killed a sky beast
  3212 | D:4      | Found a shimmering altar of Xom.
  3213 | D:4      | Found a shimmering altar of Xom.
  3214 | D:4      | Found a shimmering altar of Xom.
  3236 | D:4      | Found a shimmering altar of Xom.
  3238 | D:4      | Found a shimmering altar of Xom.
  3238 | D:4      | Found a shimmering altar of Xom.
  3467 | D:5      | Reached XP level 7. HP: 32/32 MP: 13/15
  3472 | D:5      | Learned a level 3 spell: Dazzling Spray
  3473 | D:5      | Found a deep blue altar of Sif Muna.
  3555 | D:5      | Found an ancient bone altar of Kikubaaqudgha.
  3580 | D:5      | Reached skill level 8 in Stealth
  3617 | D:5      | Reached skill level 5 in Spellcasting
  3931 | D:5      | Reached skill level 5 in Hexes
  4181 | D:5      | Reached skill level 1 in Shields
  4265 | D:5      | Reached XP level 8. HP: 37/37 MP: 4/18
  4922 | D:7      | Reached skill level 5 in Dodging
  4971 | D:7      | Noticed Dowan
  5067 | D:7      | Found an oddly glowing altar of Pakellas.
  5099 | D:7      | Reached skill level 9 in Stealth
  5176 | D:7      | Found a staircase to the Ecumenical Temple.
  5182 | D:7      | Found a sand-covered staircase.
  5191 | Ossuary  | Entered an ossuary
  5758 | Temple   | Entered the Ecumenical Temple
  5775 | Temple   | Became a worshipper of Warmaster Okawaru
  6441 | D:6      | Reached skill level 5 in Short Blades
  6441 | D:6      | Reached XP level 9. HP: 29/40 MP: 6/21
  6564 | D:6      | Found a glowing golden altar of the Shining One.
  6941 | D:7      | Noticed Duvessa
  6954 | D:7      | HP: 2/40 [centaur/arrow (9)]
  7293 | D:7      | Killed Duvessa
  7312 | D:7      | Killed Dowan
  7366 | D:7      | Reached skill level 10 in Stealth
  7553 | D:7      | Found a bloodstained altar of Trog.
  7627 | D:8      | Noticed Psyche
  7631 | D:8      | Killed Psyche
  7631 | D:8      | Reached * piety under Okawaru
  7653 | D:8      | Noticed Gastronok
  7660 | D:8      | Mangled by Gastronok

Skill      XL: |  1  2  3  4  5  6  7  8  9 |
---------------+----------------------------+-----
Stealth        | 5 6 7 8 9 10 | 10.2
Hexes          | 4 5 6 |  6.7
Spellcasting   | 3 4 6 7 8 |  8.7
Ice Magic      | 1 |  1.9
Short Blades   | 2 3 5 |  5.5
Dodging        | 4 6 |  6.8
Shields        | 1 2 |  2.7
Fighting       | |  0.4

Action                   |  1- 3 |  4- 6 |  7- 9 || total
-------------------------+-------+-------+-------++-------
Melee: Dagger            |    84 |    93 |   138 ||   315
 Cast: Corona            |     6 |       |       ||     6
       Ensorcelled Hiber |    14 |    33 |    40 ||    87
       Confuse           |       |     3 |    50 ||    53
       Dazzling Spray    |       |       |     5 ||     5
  Use: Scroll            |       |       |     4 ||     4
 Stab: Sleeping          |    23 |    36 |    37 ||    96
       Distracted        |     1 |     3 |     3 ||     7
       Confused          |       |     2 |    17 ||    19
       Invisible         |       |       |     1 ||     1
  Eat: Pizza             |       |     1 |     1 ||     2
       Bread ration      |       |       |     1 ||     1
Armor: Robe              |    13 |     3 |     7 ||    23
Dodge: Dodged            |    55 |    50 |    62 ||   167
